 Dungeon Crawl Stone Soup version 0.20-a0-1126-g0f15420 (webtiles) character file.

949 tyvek the Skirmisher (level 8, -4/75 HPs)
             Began as a Gargoyle Fighter on May 18, 2017.
             Slain by a yak (7 damage)
             ... on level 6 of the Dungeon.
             The game lasted 00:05:08 (3476 turns).

tyvek the Skirmisher (Gargoyle Fighter)             Turns: 3476, Time: 00:05:08

Health: -4/75      AC: 17    Str: 27    XL:     8   Next: 13%
Magic:  8/8        EV:  6    Int:  8    God:
Gold:   181        SH: 10    Dex: 10    Spells: 7/7 levels left

rFire    . . .     SeeInvis .   a - +0 war axe
rCold    . . .     Gourm    .   c - +0 shield
rNeg     + . .     Faith    .   m - +0 chain mail
rPois    ∞         Spirit   .   (no helmet)
rElec    +         Reflect  .   b - +1 cloak
rCorr    .         Harm     .   (no gloves)
MR       .....                  (no boots)
Stlth    ..........             B - amulet of rage
Regen    0.3/turn               (no ring)
MPRegen  0.2/turn               (no ring)

@: mighty, berserking, marked, very quick
A: negative energy resistance 1, electricity resistance, unbreathing,
petrification resistance, rot immunity, AC +5
a: Evoke Berserk Rage


You were on level 6 of the Dungeon.
You were very hungry.

You visited 1 branch of the dungeon, and saw 6 of its levels.

You collected 181 gold pieces.


Innate Abilities, Weirdness & Mutations

You are resistant to torment.
Your stone body is resilient. (AC +5)
You are immune to poison.
You resist negative energy. (rN+)
You are resistant to electric shocks. (rElec)
You can survive without breathing.
You are immune to petrification.
You are immune to rotting.


   Skills:
 + Level 5.5 Fighting
 * Level 5.5 Axes
 + Level 5.4 Armour
 + Level 5.4 Shields


You had 7 spell levels left.
You didn't know any spells.

Inventory:

Hand Weapons
 a - a +0 war axe (weapon)
Armour
 b - a +1 cloak (worn)
 c - a +0 shield (worn)
 m - a +0 chain mail (worn)
Jewellery
 B - an amulet of rage (around neck)
 H - an uncursed amulet of faith {!P}
Wands
 y - a wand of confusion (26/48)
 z - a wand of confusion (15/48)
Scrolls
 e - a scroll of magic mapping
 g - a scroll of remove curse {@r2}
 q - a scroll of teleportation {@r4}
 r - a scroll of enchant weapon {unknown}
Potions
 i - a potion of berserk rage {!q}
 j - a potion of brilliance
 k - 2 potions of curing {@q1}
 l - a potion of lignification {!q}
 o - a potion of flight
Comestibles
 f - 3 bread rations {@e1}
 h - 2 royal jellies {@e3}
 n - 2 meat rations {@e1}
 t - 6 fruits {@e2}
 u - 3 chunks of flesh

Dungeon Overview and Level Annotations

Branches:
Dungeon (6/15)
 Temple: D:4-7

Altars:
Ashenzari
Okawaru
Vehumet
Wu Jian
Yredelemnul
The Shining One

Shops:
D:4 (

Annotations:
D:6 Grinder

...... . #...# .#
##.?.###.##.##
#.!...........
#...ozc(.z.[..
####o(########
#######oz###...####+##
.......Y(o5.(........+
.%.....5@oa.....<....#
.......YoY.......##..#
........oo.......# #
/................#
#######...##.....#
#...##.....#
..?...#.....#
......+...o.. #.....##


You could see Grinder, 3 yaks, an orc warrior, a centaur, a worker ant, 2
wights, an orc priest, 2 orc wizards, a shadow imp and 5 orcs.


Message History

You slash the howler monkey!
You kill the howler monkey!
You slash the worker ant!
You kill the worker ant!
You hit the centaur.
The centaur hits you but does no damage.
You slash the orc!
You kill the orc!
You slash the wight! You slash the orc wizard! You slash the centaur!
You kill the centaur!
You have reached level 8!
You feel stronger. The orc warrior closely misses you.
You block the orc wizard's attack.
The wight hits you with an enchanted battleaxe.
* * * LOW HITPOINT WARNING * * *
You slash the wight!
You destroy the wight!
You hit the orc wizard. You closely miss the orc.
Your shield prevents you from hitting the yak.
Your shield and chain mail prevent you from hitting Grinder.
You closely miss the orc.
The centaur shoots an arrow.
The arrow barely misses you.
The arrow hits Grinder!
You block the orc wizard's attack. Grinder hits you but does no damage.
The orc warrior closely misses you. The orc hits you but does no damage.
The orc wizard hits you but does no damage.
The orc hits you but does no damage. You block the orc wizard's attack.
Grinder hits you.
* * * LOW HITPOINT WARNING * * *
The yak gores you!
You die...

Skill      XL: |  1  2  3  4  5  6  7 |
---------------+----------------------+-----
Axes           | 2 3 4 5 |  5.5
Armour         | 4 5 |  5.4
Fighting       | 4 5 |  5.5
Shields        | 4 5 |  5.4

Action                   |  1- 3 |  4- 6 |  7- 9 || total
-------------------------+-------+-------+-------++-------
Melee: War axe           |   106 |   217 |    71 ||   394
 Abil: Evoke Berserk Rag |       |       |     1 ||     1
  Use: Scroll            |       |     7 |     7 ||    14
       Potion            |       |       |     1 ||     1
  Eat: Chunk             |     1 |     6 |     2 ||     9
Armor: Scale mail        |    35 |       |       ||    35
       Chain mail        |    32 |   146 |    80 ||   258
Dodge: Dodged            |    23 |    49 |    32 ||   104
Block: Shield            |    57 |   106 |    84 ||   247

Vault maps used:
D:1:      dpeg_arrival_rooms_with_view, lemuel_old_faithful
D:2:      lemuel_zombie_altar_yredelemnul, first_bread, corner_web_ring,
          lightli_corner_chamber
D:3:      nicolae_overflow_crystal_walls, uniq_jessica
D:4:      tso_altar, serial_shops, kennysheep_mini_moat
D:5:      overflow_temple_1_default, lemuel_round_altar,
          okawaru_ov_weapons_minmay
D:6:      minmay_temple_entry_junction, trog_butcher_becter, uniq_grinder

Notes
Turn   | Place    | Note
-------+----------+-------------------------------------------
     0 | D:1      | tyvek the Gargoyle Fighter began the quest for the Orb.
     0 | D:1      | Reached XP level 1. HP: 14/14 MP: 1/1
    14 | D:1      | Reached skill level 2 in Axes
    15 | D:1      | Reached XP level 2. HP: 13/19 MP: 2/2
   411 | D:1      | Reached XP level 3. HP: 22/23 MP: 3/3
  1095 | D:2      | Reached XP level 4. HP: 22/29 MP: 4/4
  1106 | D:2      | Reached skill level 3 in Axes
  1461 | D:2      | Found a basalt altar of Yredelemnul.
  1597 | D:3      | Reached skill level 4 in Armour
  1649 | D:3      | Reached XP level 5. HP: 33/33 MP: 5/5
  1651 | D:3      | Reached skill level 4 in Fighting
  1813 | D:3      | Found an ornate altar of the Wu Jian Council.
  1950 | D:3      | Noticed Jessica
  1964 | D:3      | Killed Jessica
  2205 | D:4      | Reached skill level 4 in Shields
  2379 | D:4      | Reached XP level 6. HP: 21/39 MP: 6/6
  2390 | D:4      | Found Loewko's Weapon Boutique.
  2470 | D:4      | Found a glowing golden altar of the Shining One.
  2821 | D:5      | Entered Level 5 of the Dungeon
  2823 | D:5      | Reached skill level 4 in Axes
  2886 | D:5      | Found an iron altar of Okawaru.
  2906 | D:5      | Found a shattered altar of Ashenzari.
  2949 | D:5      | Found a radiant altar of Vehumet.
  2963 | D:5      | Reached XP level 7. HP: 36/44 MP: 7/7
  3156 | D:5      | Reached skill level 5 in Armour
  3208 | D:5      | Reached skill level 5 in Fighting
  3208 | D:5      | Reached skill level 5 in Shields
  3440 | D:6      | Reached skill level 5 in Axes
  3465 | D:6      | Noticed Grinder
  3468 | D:6      | Noticed a yak
  3470 | D:6      | Noticed a yak
  3471 | D:6      | Noticed a yak
  3474 | D:6      | Reached XP level 8. HP: 10/50 MP: 8/8
  3474 | D:6      | HP: 6/75 [wight/enchanted battleaxe (4)]
  3476 | D:6      | Slain by a yak

Vanquished Creatures
  3 centaurs
  3 wights (D:6)
  A howler monkey (D:6)
  2 crimson imps (D:5)
  A bullfrog zombie (D:5)
  2 hounds
  Jessica (D:3)
  An iguana (D:4)
  4 worker ants
  A hound skeleton (D:6)
  10 gnolls
  5 adders
  A shadow imp (D:5)
  2 oozes
  An adder skeleton (D:5)
  5 worms
  A dart slug (D:1)
  5 leopard geckos
  6 orcs
  4 giant cockroaches
  2 gnoll zombies (D:2)
  5 goblins
  5 hobgoblins
  11 jackals
  3 quokkas
  4 bats
  6 frilled lizards
  A giant cockroach zombie (D:4)
  8 kobolds
  4 rats (D:1)
108 creatures vanquished.
